 Dungeon Crawl Stone Soup version 0.27.1-1-g398f81649c (webtiles) character file.

Game seed: 10466335338717259472

406 H0rd4k the Magician (level 6, 0/36 (37) HPs)
             Began as an Octopode Hedge Wizard on Sept 15, 2021.
             Slain by a phantom (4 damage)
             ... on level 5 of the Dungeon.
             The game lasted 00:07:55 (5409 turns).

H0rd4k the Magician (Octopode Hedge Wizard)         Turns: 5409, Time: 00:07:56

HP:   0/36 (37)     AC:  1    Str:  9    XL:     6   Next: 87%
MP:   14/22         EV: 14    Int: 20    God:
Gold: 157           SH:  0    Dex: 18    Spells: 4/15 levels left

rFire    . . .     SeeInvis .   d - +2 short sword (venom)
rCold    . . .     Faith    .   (no shield)
rNeg     . . .     Spirit   .   b - +0 hat
rPois    +         Reflect  .   (no amulet)
rElec    .         Harm     .   n - ring "Qeywon" {rPois MP+9 Int+2 Dex+6}
rCorr    .         Rampage  .   (no ring)
Will     .....                  (no ring)
Stlth    ++++......             (no ring)
HPRegen  0.12/turn              (no ring)
MPRegen  0.18/turn              (no ring)
                                (no ring)
                                (no ring)

@: lightly drained
A: almost no armour, amphibious, 8 rings, camouflage 1, gelatinous body 1,
(nimble swimmer 1), tentacles
a: no special abilities


You were on level 5 of the Dungeon.
You visited 1 branch of the dungeon, and saw 5 of its levels.

You collected 157 gold pieces.

Inventory:

Hand Weapons
 d - a +2 short sword of venom (weapon)
Armour
 b - a +0 hat (worn)
Jewellery
 n - the ring "Qeywon" (left tentacle) {rPois MP+9 Int+2 Dex+6}
   (You found it on level 4 of the Dungeon)

   [ring of dexterity]

   Int:       It affects your intelligence (+2).
   Dex:       It affects your dexterity (+6).
   rPois:     It protects you from poison.
   MP:        It affects your magic capacity (+9).
Wands
 o - a wand of paralysis (9)
 r - a wand of iceblast (6)
Scrolls
 a - 3 scrolls of teleportation {unknown}
 c - 3 scrolls of enchant armour {unknown}
 e - 2 scrolls of amnesia {unknown}
 g - 7 scrolls of identify {unknown}
 k - a scroll of magic mapping {unknown}
 m - a scroll of noise {unknown}
 p - a scroll of holy word {unknown}
Potions
 f - a potion of haste {unknown}
 h - a potion of degeneration {unknown}
 i - a potion of heal wounds {unknown}
 j - a potion of lignification {unknown}
 l - 3 potions of attraction {unknown}
 q - a potion of brilliance {unknown}


   Skills:
 + Level 0.8 Fighting
 + Level 1.3 Short Blades
 + Level 2.8 Dodging
 + Level 3.4 Stealth
 + Level 5.0 Spellcasting
 + Level 3.6 Conjurations
 + Level 1.0 Summonings
 * Level 1.6 Translocations


You had 4 spell levels left.
You knew the following spells:

 Your Spells              Type           Power      Damage    Failure   Level
a - Magic Dart            Conj           76%        1d6       2%          1
b - Blink                 Tloc           N/A        N/A       9%          2
c - Teleport Other        Tloc           11%        N/A       19%         3
d - Manifold Assault      Tloc           11%        N/A       86%         5

Your spell library contained the following spells:

 Spells                   Type           Power      Damage    Failure   Level
 Call Imp                 Summ           9%         N/A       12%         2
 Conjure Flame            Conj/Fire      12%        6-21      16%         3
 Slow                     Hex            5%         N/A       17%         2
 Sublimation of Blood     Necr           2%         N/A       17%         2
 Gell's Gravitas          Tloc           5%         N/A       19%         3
 Lesser Beckoning         Tloc           5%         N/A       19%         3
 Mephitic Cloud           Conj/Pois/Air  9%         N/A       22%         3
 Ozocubu's Armour         Ice            5%         N/A       34%         3
 Animate Dead             Necr           2%         N/A       75%         4
 Petrify                  Tmut/Erth      5%         N/A       75%         4
 Irradiate                Conj/Tmut      6%         3d15      83%         5
 Borgnjor's Vile Clutch   Necr/Erth      2%         N/A       97%         5
 Metabolic Englaciation   Hex/Ice        2%         N/A       97%         5
 Death Channel            Necr           2%         N/A       100%        6
 Simulacrum               Ice/Necr       2%         N/A       100%        6


Dungeon Overview and Level Annotations

Branches:
Dungeon (5/15)
 Temple: D:4-7

Altars:
Makhleb
Qazlal

Shops:
D:1 [   D:4 (

Annotations:
D:3 exclusions: 2 downstairs and upstairs
D:4 Dowan, Duvessa, Grinder


Innate Abilities, Weirdness & Mutations

You cannot wear most types of armour.
You are amphibious.
You can wear up to eight rings at the same time.
Your skin changes colour to match your surroundings (Stealth+).
Your rubbery body absorbs attacks. (AC +1, EV +1)
((You are camouflaged near water. (Stealth+)))
You have tentacles for arms and can constrict up to eight enemies at once.


Message History

The magic dart hits the hound but does no damage.
The hound is almost dead.
The hound completely misses you.
Casting: Magic Dart (safe; 2% risk of failure)
Confirm with . or Enter, or press ? or * to list all spells.
Aiming: Magic Dart (safe; 2% risk of failure)
Press: ? - help, Shift-Dir - straight line, f/p - hound
Aim: a hound (almost dead, 100% to hit)
The magic dart hits the hound.
You kill the hound!
Your life force feels restored.
Your Spellcasting skill increases to level 5!
Casting: Magic Dart (safe; 2% risk of failure)
Confirm with . or Enter, or press ? or * to list all spells.
You miscast Blink.
Nothing appears to happen.
The necrophage hits you.
You feel drained.
Unknown command.
Casting: Blink (safe; 9% risk of failure)
Confirm with . or Enter, or press ? or * to list all spells.
You blink.
A black bear and a skeleton come into view.
Found 14 gold pieces.
The black bear growls angrily.
You hear a shout!
The howler monkey skeleton hits you.
* * * LOW HITPOINT WARNING * * *
An orc wizard comes into view. It is wielding a +0 dagger.
Found a scroll labelled KETIOFOELO and a whip.
Your magical contamination has completely faded away.
A phantom comes into view.
Found a stone staircase leading up.
You see here a +0 whip.
The orc wizard casts a spell.
The orc wizard flickers and vanishes!
Deactivating autopickup; reactivate with Ctrl-A.
The phantom hits you.
* * * LOW HITPOINT WARNING * * *
The phantom blinks!
You blink.
Unknown command.
The phantom hits you.
You die...

### #. ..# #. #.#
##.######.####
#......##....#
#..........#.#
#........<§..###
##........§.....#
#.....@W........#
#..#.#...Z.......#
#.......h.....#.##
#..#.#.##n...## #
..............#
#########.{...#
.........$.#.#
#########..##.#.#
#.#<#...###..##....


You could see a phantom, a black bear, a necrophage and a howler monkey
skeleton.

Vanquished Creatures
  A black bear (D:4)
  3 hounds
  2 iguanas
  An orc wizard (D:3)
  6 adders
  An adder skeleton (D:4)
  A worm (D:2)
  9 orcs
  8 ball pythons
  3 bats
  4 endoplasms
  6 giant cockroaches
  9 goblins
  6 hobgoblins
  7 jackals (D:2)
  5 quokkas
  3 frilled lizards
  6 kobolds
  4 rats
85 creatures vanquished.

Notes
Turn   | Place    | Note
-------+----------+-------------------------------------------
     0 | D:1      | H0rd4k the Octopode Hedge Wizard began the quest for the
                  | Orb.
     0 | D:1      | Reached XP level 1. HP: 11/11 MP: 4/4
   318 | D:1      | Reached XP level 2. HP: 17/17 MP: 3/6
   796 | D:1      | Found Beijoyte's Antique Armour Boutique.
  1241 | D:2      | Reached XP level 3. HP: 21/21 MP: 5/8
  1721 | D:2      | Reached XP level 4. HP: 24/27 MP: 2/9
  2017 | D:3      | Learned a level 2 spell: Blink
  2053 | D:3      | Reached skill level 4 in Spellcasting
  2192 | D:3      | Found a stormy altar of Qazlal.
  2592 | D:3      | Reached XP level 5. HP: 19/31 MP: 7/11
  3553 | D:3      | Found a faded altar of an unknown god.
  3794 | D:4      | Identified the ring "Qeywon" {rPois MP+9 Int+2 Dex+6}
  3840 | D:4      | Noticed Grinder
  4032 | D:4      | Found a burning altar of Makhleb.
  4137 | D:4      | Reached skill level 1 in Short Blades
  4272 | D:4      | Noticed a necrophage
  4278 | D:4      | Found Cieniw's Antique Weapon Boutique.
  4327 | D:3      | Reached XP level 6. HP: 15/37 MP: 13/13
  4847 | D:4      | Noticed a black bear
  4855 | D:4      | Learned a level 3 spell: Teleport Other
  4861 | D:4      | Learned a level 5 spell: Manifold Assault
  4884 | D:4      | Killed a black bear
  5158 | D:4      | Noticed Duvessa
  5158 | D:4      | Noticed Dowan
  5271 | D:5      | Entered Level 5 of the Dungeon
  5385 | D:5      | Noticed a necrophage
  5393 | D:5      | Reached skill level 5 in Spellcasting
  5394 | D:5      | Noticed a black bear
  5409 | D:5      | Slain by a phantom

Illustrated notes

Levels and vault maps discovered:
D:1:      lightli_arrival_statuegarden, layout_basic, serial_shops,
          nicolae_square_shop
D:2:      layout_basic
D:3:      cheibrodos_helix_gallery, layout_loops_ring, grunt_qazlal_sundering,
          basic_ecumenical_altar, serial_glass, glass_columns_a,
          glass_columns_c, glass_columns_b, glass_columns_a, minmay_pentangle
D:4:      layout_loops_ring, nicolae_overflow_crystal_walls, serial_shops,
          nicolae_shop_trees, uniq_duvessa, uniq_grinder
D:5:      layout_basic, serial_shops, nicolae_inconvenience_store, serial_glass,
          glass_columns_a, glass_columns_a, glass_columns_a, glass_columns_c,
          glass_columns_a, glass_columns_a, item_on_display_a

Skill      XL: |  1  2  3  4  5  6 |
---------------+-------------------+-----
Conjurations   | 2 3 |  3.6
Spellcasting   | 4 5 |  5.0
Stealth        | 3 |  3.4
Short Blades   | 1 |  1.3
Fighting       | |  0.8
Dodging        | |  2.8
Summonings     | |  1.0
Translocations | |  1.6

Action                   |  1- 3 |  4- 6 || total
-------------------------+-------+-------++-------
Melee: Dagger            |     6 |       ||     6
       Constrict         |     4 |     5 ||     9
       Tentacles         |     4 |     4 ||     8
       Short sword       |     9 |    19 ||    28
 Cast: Magic Dart        |    88 |   161 ||   249
       Blink             |       |     3 ||     3
Evoke: Wand              |       |     1 ||     1
Armor: Skin              |     2 |     2 ||     4
Dodge: Dodged            |    20 |    39 ||    59
